 Dungeon Sprint DCSS version 0.30-a0-996-ga6910c8ee8 (webtiles) character file.

Game seed: 17746928069071488754

5803 rocky1 the Ninja (level 10, -6/78 HPs)
             Began as a Spriggan Brigand on Apr 5, 2023.
             Was an Initiate of Gozag.
             Mangled by a demonic crawler (18 damage)
             ... in the Dungeon (Sprint I: "Red Sonja").
             The game lasted 00:05:07 (1697 turns).

rocky1 the Ninja (Spriggan Brigand)                 Turns: 1697, Time: 00:05:07

Health: -6/78      AC:  4    Str:  3      XL:     10   Next: 50%
Magic:  0/8        EV: 20    Int: 12      God:    Gozag
Gold:   514        SH:  0    Dex: 19 (20) Spells: 9/9 levels left

rFire   x x .      SeeInvis +    t - +0 rapier
rCold   . . .      Faith    .    (no shield)
rNeg    . . .      Spirit   +    b - +0 robe
rPois   .          Reflect  .    q - +2 hat of the Bear Spirit {Spirit, Bear, *Rage Will++}
rElec   .          Rampage  .    c - +0 cloak
rCorr   .          NoTele   +    (gloves unavailable)
Will    +++..      Rage     23%  (boots unavailable) Stlth
                                 (no amulet)
HPRegen 0.00/turn                (no ring)
MPRegen 0.11/turn                (no ring)

@: berserking, inhibited regen, unable to read, very quick
A: very small, no large weapons, unfitting armour, see invisible, speed 3,
berserk 1, deformed body, deterioration 1, dopey 1, frail 3, low MP 3, screaming
2, inhibited regeneration, weak 2, heat vulnerability 2, inability to read after
injury 1
a: Renounce Religion, Potion Petition, Call Merchant, Bribe Branch


You were in the Dungeon.
You worshipped Gozag.
Gozag was pleased with you.
You visited 1 branch You collected 1791 gold pieces.
You spent 1277 gold pieces at shops.

Inventory:

Hand Weapons
 t - a +0 rapier (weapon)
Missiles
 d - 9 poisoned darts
 e - 6 curare-tipped darts (quivered)
Armour
 b - a +0 robe (worn)
 c - a +0 cloak (worn)
 q - the +2 hat of the Bear Spirit (worn) {Spirit, Bear, *Rage Will++}
   (You bought it in a shop in the Dungeon)

   Bear:      Going berserk makes the wearer tougher, and they're slowed less
   afterward.
   *Rage:     It berserks you when you make melee attacks (+20% chance).
   Will:      It greatly increases your willpower.
Wands
 l - a wand of polymorph (13)
Scrolls
 k - 3 scrolls of blinking
 p - 3 scrolls of identify
 r - a scroll of magic mapping
Potions
 f - 3 potions of curing
 g - a potion of heal wounds
 h - 3 potions of haste
 i - 2 potions of magic
 j - a potion of berserk rage
 n - a potion of lignification {unknown}


   Skills:
 + Level 8.5 Fighting
 + Level 13.1 Short Blades
 - Level 7.5 Throwing
 * Level 5.3 Dodging
 O Level 27 Stealth


You had 9 spell levels left.
You didn't know any spells.
Your spell library contained the following spells:

 Spells                   Type           Power      Damage    Failure   Level
 Necrotise                Necr           0%         1d4       32%         1
 Vampiric Draining        Necr           0%         2d6       69%         3
 Agony                    Necr           0%         N/A       100%        5


Dungeon Overview and Level Annotations

Branches:
Dungeon (1/1)

Altars:
Cheibriados
Dithmenos
Elyvilon
Fedhas
Gozag
Hepliaklqana
Kikubaaqudgha
Makhleb
Nemelex Xobeh
Okawaru
Qazlal
Ru
Sif Muna
Trog
Uskayaw
Vehumet
Wu Jian
Xom
Yredelemnul
Zin
The Shining One
Jiyva
Lugonu

Shops:
D [(![?[[


Innate Abilities, Weirdness & Mutations

You are very small and have problems with some larger weapons.
You are too small for most types of armour.
You have supernaturally acute eyesight. (SInv)
You cover ground extremely quickly. (Speed+++)
You sometimes lose your temper in combat.
Armour fits poorly on your strangely shaped body.
Your body sometimes deteriorates upon taking damage.
You are dopey. (Int -2)
You are extremely frail. (-30% HP)
Your magical capacity is extremely low. (-30% MP)
You frequently scream uncontrollably at your foes.
You do not regenerate when monsters are visible.
You are very weak. (Str -4)
You are very vulnerable to heat. (rF--)
You occasionally lose the ability to read scrolls when taking damage.


Message History

The demonic crawler is moderately wounded.
You hit the demonic crawler.
The demonic crawler is moderately wounded.
The demonic crawler barely misses you. x2
The demonic crawler completely misses you.
The demonic crawler hits you. The demonic crawler hits you!
The demonic crawler closely misses you.
You hit the demonic crawler but do no damage.
The demonic crawler is lightly wounded.
You hit the demonic crawler.
The demonic crawler is moderately wounded.
The demonic crawler hits you but does no damage.
The demonic crawler hits you!
Your body deteriorates!
You feel clumsy. The demonic crawler barely misses you.
The demonic crawler misses you.
The demonic crawler completely misses you.
The demonic crawler misses you.
You hit the demonic crawler.
The demonic crawler is lightly wounded.
You completely miss the demonic crawler.
The demonic crawler is lightly wounded.
The demonic crawler hits you. The demonic crawler misses you.
The demonic crawler closely misses you.
You puncture the demonic crawler!
The demonic crawler is moderately wounded.
The demonic crawler completely misses you.
The demonic crawler closely misses you.
The demonic crawler completely misses you.
You hit the demonic crawler but do no damage.
The demonic crawler is moderately wounded.
You puncture the demonic crawler!
The demonic crawler is heavily wounded.
The demonic crawler hits you. x2; The demonic crawler hits you!
You feel threatened and lose the ability to read scrolls!
* * * LOW HITPOINT WARNING * * *
The demonic crawler hits you!
* * * LOW HITPOINT WARNING * * *
The demonic crawler hits you!!
You die...
Your body crumbles into a pile of gold.

##################***************
.#.)'..#__#..'..)#,,*,$$,+,,,,,,+
)'..#..'..'..#..s##+#$****,,,,,**
'#####'#__####).@ss.#$*,***,,,***
.#...#[####,,#####s.+$*+*$***+*,,
##..##.#~~~,,*$$**+##**,,$*,*,**$
_##'#_.+~~~,,+,,*,,,,,*,,$***,,**
..'..._#~~~,,*$$*,,,,,+,,$$$**,*,
_##_.#'##+###**+***,,,*,,,,,*,,**
_###'#[#....###,+$*,,,***++**,**,
####.####'###.##*$*,,***,,***,,*+
..'...'.....'(∩#*,*,,****$$***,,,


You could see 4 demonic crawlers.

Vanquished Creatures
  Sonja (D)
  A deep troll (D)
  8 shining eyes (D)
  2 kobold demonologists (D)
  A slime creature (D)
  Sigmund (D)
  A yak (D)
  5 floating eyes (D)
  An ogre (D)
  A jelly (D)
  Ijyb (D)
23 creatures vanquished.

Vanquished Creatures (others)
  2 ballistomycete spores (D)
2 creatures vanquished.

Grand Total: 25 creatures vanquished

Notes
Turn   | Place    | Note
-------+----------+-------------------------------------------
     0 | D        | rocky1 the Spriggan Brigand began the quest for the Orb.
     0 | D        | Reached XP level 1. HP: 10/10 MP: 2/2
     2 | D        | Noticed Ijyb
     5 | D        | Killed Ijyb
     6 | D        | Reached skill level 9 in Stealth
     6 | D        | Reached XP level 2. HP: 15/15 MP: 3/3
    11 | D        | Noticed an ogre
    14 | D        | Killed an ogre
    15 | D        | Reached skill level 13 in Stealth
    15 | D        | Reached XP level 3. HP: 19/19 MP: 4/4
    15 | D        | Reached XP level 4. HP: 23/23 MP: 5/5
   326 | D        | Noticed Sigmund
   329 | D        | Killed Sigmund
   330 | D        | Reached skill level 16 in Stealth
   330 | D        | Reached XP level 5. HP: 28/28 MP: 6/6
   330 | D        | Reached XP level 6. HP: 32/32 MP: 7/7
   543 | D        | Found an ornate altar of the Wu Jian Council.
   543 | D        | Found a shimmering blue altar of Sif Muna.
   545 | D        | Found a radiant altar of Vehumet.
   550 | D        | Reached skill level 17 in Stealth
   580 | D        | Found Vengob's Armour Emporium.
   580 | D        | Found an ancient bone altar of Kikubaaqudgha.
   580 | D        | Found a hazy altar of Hepliaklqana.
   580 | D        | Found a stormy altar of Qazlal.
   580 | D        | Found a hide-covered altar of Uskayaw.
   580 | D        | Found a blossoming altar of Fedhas.
   580 | D        | Found a bloodstained altar of Trog.
   580 | D        | Found an iron altar of Okawaru.
   580 | D        | Found a basalt altar of Yredelemnul.
   580 | D        | Found a glowing golden altar of the Shining One.
   580 | D        | Found a snail-covered altar of Cheibriados.
   580 | D        | Found a sacrificial altar of Ru.
   580 | D        | Found a glowing silver altar of Zin.
   580 | D        | Found a shadowy altar of Dithmenos.
   580 | D        | Found a white marble altar of Elyvilon.
   580 | D        | Noticed a yak
   581 | D        | Found an opulent altar of Gozag.
   582 | D        | Killed a yak
   583 | D        | Reached skill level 5 in Short Blades
   583 | D        | Reached skill level 19 in Stealth
   583 | D        | Found a sparkling altar of Nemelex Xobeh.
   588 | D        | Became a worshipper of Gozag Ym Sagoz the Greedy
   601 | D        | Noticed Sonja
   605 | D        | Killed Sonja
   606 | D        | Reached skill level 5 in Throwing
   606 | D        | Reached skill level 22 in Stealth
   606 | D        | Reached XP level 7. HP: 38/38 MP: 8/8
   915 | D        | Found Zeqivuka's Armour Boutique.
   935 | D        | Noticed a deep troll
   939 | D        | Killed a deep troll
   940 | D        | Reached skill level 24 in Stealth
   940 | D        | Reached XP level 8. HP: 42/42 MP: 9/9
   956 | D        | Found Geina Otess's Armour Emporium.
   965 | D        | Bought the +2 hat of the Bear Spirit {Spirit, Bear, *Rage
                  | Will++} for 488 gold pieces
   965 | D        | Found the +2 hat of the Bear Spirit {Spirit, Bear, *Rage
                  | Will++}
  1001 | D        | Noticed a shining eye
  1001 | D        | Noticed a shining eye
  1001 | D        | Noticed a shining eye
  1001 | D        | Noticed a shining eye
  1001 | D        | Noticed a shining eye
  1001 | D        | Noticed a shining eye
  1003 | D        | Noticed a shining eye
  1003 | D        | Noticed a shining eye
  1004 | D        | Killed a shining eye
  1005 | D        | Reached skill level 5 in Fighting
  1005 | D        | Reached skill level 25 in Stealth
  1005 | D        | Paralysed by a floating eye for 3 turns
  1010 | D        | Reached XP level 9. HP: 47/47 MP: 10/10
  1021 | D        | Killed a shining eye
  1022 | D        | Reached skill level 26 in Stealth
  1033 | D        | Killed a shining eye
  1034 | D        | Reached skill level 27 in Stealth
  1040 | D        | Killed a shining eye
  1040 | D        | Paralysed by a floating eye for 4 turns
  1042 | D        | Gained mutation: Your magical capacity is low. (-10% MP) [a
                  | shining eye]
  1043 | D        | Gained mutation: You occasionally lose the ability to read
                  | scrolls when taking damage. [a shining eye]
  1044 | D        | Gained mutation: You are clumsy. (Dex -2) [a shining eye]
  1053 | D        | Gained mutation: You are vulnerable to heat. (rF-) [a
                  | shining eye]
  1054 | D        | Killed a shining eye
  1055 | D        | Reached skill level 10 in Short Blades
  1057 | D        | Paralysed by a floating eye for 4 turns
  1058 | D        | Gained mutation: Armour fits poorly on your strangely
                  | shaped body. [a shining eye]
  1058 | D        | Gained mutation: Your magical capacity is very low. (-20%
                  | MP) [a shining eye]
  1061 | D        | Gained mutation: You are frail. (-10% HP) [a shining eye]
  1061 | D        | Gained mutation: You are very frail. (-20% HP) [a shining
                  | eye]
  1063 | D        | Gained mutation: You occasionally shout uncontrollably at
                  | your foes. [a shining eye]
  1066 | D        | Lost mutation: You are clumsy. (Dex -2) [a shining eye]
  1068 | D        | Paralysed by a floating eye for 4 turns
  1070 | D        | Gained mutation: Your body sometimes deteriorates upon
                  | taking damage. [a shining eye]
  1076 | D        | Gained mutation: Your magical capacity is extremely low.
                  | (-30% MP) [a shining eye]
  1078 | D        | Gained mutation: Your body often deteriorates upon taking
                  | damage. [a shining eye]
  1081 | D        | Gained mutation: You sometimes lose your temper in combat.
                  | [a shining eye]
  1094 | D        | Lost mutation: Armour fits poorly on your strangely shaped
                  | body. [a shining eye]
  1099 | D        | Gained mutation: You are very vulnerable to heat. (rF--) [a
                  | shining eye]
  1104 | D        | Gained mutation: You do not regenerate when monsters are
                  | visible. [a shining eye]
  1106 | D        | Gained mutation: Armour fits poorly on your strangely
                  | shaped body. [a shining eye]
  1113 | D        | Killed a shining eye
  1114 | D        | Reached XP level 10. HP: 44/44 MP: 8/8
  1126 | D        | Lost mutation: You are very vulnerable to heat. (rF--) [a
                  | shining eye]
  1130 | D        | Gained mutation: You are clumsy. (Dex -2) [a shining eye]
  1131 | D        | Gained mutation: You are dopey. (Int -2) [a shining eye]
  1137 | D        | Killed a shining eye
  1140 | D        | Gained mutation: You are extremely frail. (-30% HP) [a
                  | shining eye]
  1146 | D        | Gained mutation: Your spells are a little easier to cast,
                  | but a little less powerful. [a shining eye]
  1163 | D        | Gained mutation: You are very clumsy. (Dex -4) [a shining
                  | eye]
  1174 | D        | Gained mutation: You are weak. (Str -2) [a shining eye]
  1177 | D        | Gained mutation: You are very weak. (Str -4) [a shining
                  | eye]
  1183 | D        | Gained mutation: You occasionally lose the ability to drink
                  | potions when taking damage. [a shining eye]
  1186 | D        | Gained mutation: You are very vulnerable to heat. (rF--) [a
                  | shining eye]
  1195 | D        | Gained mutation: You frequently scream uncontrollably at
                  | your foes. [a shining eye]
  1196 | D        | Killed a shining eye
  1331 | D        | Found Cues's Magic Scroll Shop.
  1331 | D        | Found Ituxuusm's Antique Weapon Shoppe.
  1331 | D        | Found Fusihuis's Armour Boutique.
  1331 | D        | Found Sooj's Distillery.
  1344 | D        | Bought a potion of mutation for 88 gold pieces
  1344 | D        | Lost mutation: You occasionally lose the ability to drink
                  | potions when taking damage. [potion of mutation]
  1344 | D        | Lost mutation: Your spells are a little easier to cast, but
                  | a little less powerful. [potion of mutation]
  1344 | D        | Lost mutation: You are very clumsy. (Dex -4) [potion of
                  | mutation]
  1344 | D        | Lost mutation: Your body often deteriorates upon taking
                  | damage. [potion of mutation]
  1344 | D        | Lost mutation: You are clumsy. (Dex -2) [potion of
                  | mutation]
  1349 | D        | Bought a translucent falchion for 256 gold pieces
  1349 | D        | Identified the +1 falchion "Grim" {heavy, rF- Will+ Str+7
                  | Stlth+} (You bought it in a shop in the Dungeon)
  1349 | D        | Bought a rapier for 128 gold pieces
  1361 | D        | Bought a scroll of magic mapping for 97 gold pieces
  1361 | D        | Bought a scroll of blinking for 97 gold pieces
  1361 | D        | Bought a scroll of identify for 26 gold pieces
  1361 | D        | Bought a scroll of blinking for 97 gold pieces
  1398 | D        | Found a burning altar of Makhleb.
  1398 | D        | Found a viscous altar of Jiyva.
  1398 | D        | Found a shimmering altar of Xom.
  1398 | D        | Found a corrupted altar of Lugonu.
  1575 | D        | Reached skill level 5 in Dodging
  1686 | D        | Noticed a demonic crawler
  1686 | D        | Noticed a demonic crawler
  1686 | D        | Noticed a demonic crawler
  1686 | D        | Noticed a demonic crawler
  1697 | D        | Mangled by a demonic crawler

Illustrated notes

Levels and vault maps discovered:
D:        dungeon_sprint_1 [red_sonja_temple_1, red_sonja_temple_small_1]

Skill      XL: |  1  2  3  4  5  6  7  8  9 10 |
---------------+-------------------------------+-----
Fighting       | 2 3 4 5 7 8 |  8.5
Stealth        | 9 13 16 22 24 25 27 | 27.0
Short Blades   | 3 4 6 7 11 13 | 13.1
Throwing       | 3 4 5 6 7 |  7.5
Dodging        | 2 5 |  5.3

Action                     |  1- 3 |  4- 6 |  7- 9 | 10-12 || total
---------------------------+-------+-------+-------+-------++-------
  Melee: Dagger            |     2 |     4 |    93 |    78 ||   177
         Punch             |       |       |     2 |     2 ||     4
         Rapier            |       |       |       |    21 ||    21
    Use: Scroll            |       |       |       |     1 ||     1
         Potion            |       |       |       |     1 ||     1
   Stab: Sleeping          |     2 |     4 |     3 |     3 ||    12
         Distracted        |       |       |     1 |       ||     1
 Armour: Robe              |       |       |       |     1 ||     1
  Dodge: Dodged            |       |       |       |    18 ||    18

Table legend: (Time is in decaauts)
 A = Elapsed time spent in this place.
 B = Non-inter-level travel time spent in this place.
 C = Inter-level travel time spent in this place.
 D = Time resting spent in this place.
 E = Time spent auto-exploring this place.
 F = Levels seen in this place.
 G = Mean time per level.
                   A        B        C        D        E       F      G
               +--------+--------+--------+--------+--------+-----+--------+
         Total |   1469 |   1469 |      0 |   1114 |      0 |   1 | 1469.0 |
       Dungeon |   1469 |   1469 |      0 |   1114 |      0 |   1 | 1469.0 |
               +--------+--------+--------+--------+--------+-----+--------+

Top non-repeatable levels by time:
       D: 1469 daAuts
